 Dungeon Crawl Stone Soup version 0.32-a0-132-g2d33c3cfaf (webtiles) character file.

Game seed: 13482007465407488474

121617 Kenran the Skinwalker (level 16, 0/69 (72) HPs)
             Began as a Spriggan Hunter on Feb 9, 2024.
             Was the Champion of Okawaru.
             Slain by a spectral spriggan berserker (13 damage)
             ... called from beyond by a ghost crab
             ... on level 1 of the Swamp.
             The game lasted 00:59:50 (26918 turns).

Kenran the Skinwalker (Spriggan Hunter)            Turns: 26918, Time: 00:59:51

HP:   0/69 (72)     AC:  8    Str:  9    XL:     16   Next: 32%
MP:   17/17         EV: 30    Int: 11    God:    Okawaru [******]
Gold: 2561          SH:  0    Dex: 24    Spells: 12/15 levels left

rFire   . . .        b - +8 arbalest (flame)
rCold   + + .        (shield currently unavailable)
rNeg    . . .        M - +2 robe {rC+}
rPois   .            (helmet currently unavailable)
rElec   .            E - melded +2 cloak
rCorr   .            (gloves unavailable)
SInv    +            (boots unavailable)
Will    ++...        (no amulet)
Stlth   ++++         i - +4 ring of protection
HPRegen 0.31/turn    O - ring of protection from cold
MPRegen 0.15/turn

%: no passive effects
@: about to teleport, beast-form, studying 2 skills, lightly drained, slow
A: beast (slay +4), very small, no large weapons, unfitting armour, see
invisible, speed 3
a: Begin Untransformation, Renounce Religion, Heroism, Finesse, Duel


You were on level 1 of the Swamp.
You worshipped Okawaru.
Okawaru was exalted by your worship.
You were a hulking beast.
You visited 5 branches of the dungeon, and saw 24 of its levels.
You also visited: Bailey.

You collected 5169 gold pieces.
You spent 2608 gold pieces at shops.

Inventory:

Hand Weapons
 a - a +2 orcbow of draining
 b - a +8 arbalest of flaming (weapon)
Missiles
 u - 41 poisoned darts
 w - 2 throwing nets
 z - 7 curare-tipped darts
 J - 14 atropa-tipped darts
 L - 6 datura-tipped darts
 T - 2 darts of dispersal
Armour
 E - a +2 cloak (melded)
 M - a +2 robe of cold resistance (worn)
 N - the +0 hat of Rotini {Str+3}
   (Okawaru gifted it to you on level 1 of the Lair of Beasts)

   Str+3:     It affects your strength (+3).
Jewellery
 i - a +4 ring of protection (left hand)
 y - a +6 ring of strength
 F - a ring of resist corrosion
 O - a ring of protection from cold (right hand)
Talismans
 l - a beast talisman (active)
 t - a storm talisman
Wands
 k - a wand of digging (10)
 n - a wand of iceblast (22)
 v - a wand of acid (3)
 A - a wand of charming (41)
 H - a wand of polymorph (17)
 K - a wand of flame (22)
Scrolls
 d - 3 scrolls of fear
 e - 5 scrolls of revelation
 h - a scroll of enchant armour
 p - a scroll of brand weapon {unknown}
 q - 3 scrolls of vulnerability {!r}
 r - 8 scrolls of teleportation
 C - 5 scrolls of fog
 D - 5 scrolls of poison {!r}
 G - 3 scrolls of blinking
 P - 2 scrolls of silence
Potions
 c - a potion of mutation {!q}
 g - a potion of might
 j - 4 potions of haste
 m - 5 potions of lignification {!q}
 o - a potion of attraction {!q}
 s - a potion of brilliance
 x - 3 potions of enlightenment
 B - 8 potions of curing {@q1}
 I - 2 potions of heal wounds {@q2}
 Q - a potion of ambrosia
 S - a potion of resistance
 U - a potion of invisibility
Miscellaneous
 f - a condenser vane
 R - a lightning rod (4/4)


   Skills:
 - Level 3.0 Fighting
 - Level 16.0 Ranged Weapons
 - Level 12.1 Dodging
 - Level 18.2 Stealth
 * Level 8.8 Unarmed Combat
 + Level 22.4 Shapeshifting


You had 12 spell levels left.
You knew the following spells:

 Your Spells              Type           Power      Damage    Failure   Level
a - Ozocubu's Armour      Ice            0%         N/A       71%         3

Your spell library contained the following spells:

 Spells                   Type           Power      Damage    Failure   Level
 Foxfire                  Conj/Fire      0%         2x1d4     34%         1
 Kiss of Death            Conj/Necr      0%         2d5       34%         1
 Magic Dart               Conj           0%         1d3       34%         1
 Blink                    Tloc           0%         N/A       47%         2
 Ensorcelled Hibernation  Hex/Ice        0%         N/A       47%         2
 Mercury Vapours          Alch/Air       0%         N/A       47%         2
 Static Discharge         Conj/Air       0%         3-3/arc   47%         2
 Confusing Touch          Hex            0%         N/A       71%         3
 Dazzling Flash           Conj/Hex       0%         N/A       71%         3
 Frozen Ramparts          Ice            0%         1d1       71%         3
 Fugue of the Fallen      Necr           0%         N/A       71%         3
 Hailstorm                Conj/Ice       0%         3d5       71%         3
 Mephitic Cloud           Conj/Alch/Air  0%         N/A       71%         3
 Airstrike                Air            0%         2d(0-16)  98%         4
 Anguish                  Hex/Necr       0%         N/A       98%         4
 Dimensional Bullseye     Hex/Tloc       0%         N/A       98%         4
 Dispel Undead            Necr           0%         3d6       98%         4
 Iskenderun's Mystic Bla  Conj/Tloc      0%         2d3       98%         4
 Leda's Liquefaction      Alch/Erth      0%         N/A       98%         4
 Curse of Agony           Necr           0%         N/A       100%        5
 Freezing Cloud           Conj/Ice/Air   0%         6-21      100%        5
 Lee's Rapid Deconstruct  Erth           0%         3d4*      100%        5
 Metabolic Englaciation   Hex/Ice        0%         N/A       100%        5
 Silence                  Hex/Air        0%         N/A       100%        5
 Bombard                  Conj/Erth      0%         9d1       100%        6
 Plasma Beam              Fire/Air       0%         2x1d10    100%        6
 Starburst                Conj/Fire      0%         6d3       100%        6
 Call Imp                 Summ           Unusable   N/A       N/A         2
 Tukima's Dance           Hex            Unusable   N/A       N/A         3
 Summon Lightning Spire   Summ/Air       Unusable   N/A       N/A         4
 Sculpt Simulacrum        Ice/Alch       Unusable   N/A       N/A         6

Dungeon Overview and Level Annotations

Branches:
Dungeon (15/15)            Temple (1/1) D:5            Lair (5/5) D:9
  Swamp (1/4) Lair:2       Spider (0/4) Lair:3        Slime (0/5) Lair:5
    Orc (2/2) D:11            Elf (0/3) Orc:2        Vaults (0/5) D:13
 Bailey (visited)
 Depths: D:15

Altars:
Ashenzari
Cheibriados
Dithmenos
Elyvilon
Fedhas
Gozag
Hepliaklqana
Kikubaaqudgha
Makhleb
Nemelex Xobeh
Okawaru
Qazlal
Ru
Sif Muna
Trog
Uskayaw
Vehumet
Wu Jian
Xom
Yredelemnul
Zin
The Shining One
Jiyva

Shops:
D:8 *   D:9 ?   Orc:2 ?[(*

Annotations:
D:6 exclusions: downstairs and steam dragon
Lair:4 exclusion: orange crystal statue
Orc:2 Saint Roka


Innate Abilities, Weirdness & Mutations

You are a hulking beast.
Your limbs bulge with bestial killing power. (Slay +4)
You are very small and have problems with some larger weapons.
You are too small for most types of armour.
You have supernaturally acute eyesight. (SInv)
You cover ground extremely quickly. (Speed+++)


Message History

The spectral mist engulfs the spectral death drake.
The spectral anaconda's grasp on you weakens, but your attempt to escape fails.
Your surroundings seem slightly different.
The spectral anaconda loses its grip on you.
Splash!
You fall into the shallow water.
Moving in this stuff is going to be slow.
The sentinel's mark upon you fades away.
The spectral anaconda fades away!
The ghost crab breathes spectral mist at you.
The spectral mist engulfs you.
As you read the scroll of teleportation, it crumbles to dust.
You feel strangely unstable.
You are engulfed in spectral mist.
You are engulfed in spectral mist.
The spectral spriggan air mage fades away!
Your surroundings suddenly seem different.
Splash!
You fall into the shallow water.
Moving in this stuff is going to be slow.
The ghost crab breathes spectral mist at you.
The spectral mist engulfs the spectral death drake.
As you read the scroll of teleportation, it crumbles to dust.
You feel strangely unstable.
You are engulfed in spectral mist.
The spectral death drake completely misses you.
The spectral death drake misses you.
The spectral death drake completely misses you.
The spectral death drake closely misses you.
The ghost crab breathes spectral mist at you.
The spectral mist engulfs the spectral death drake.
The spectral spriggan berserker barely misses you.
Okay, then.
Unknown command.
You are engulfed in spectral mist.
* * * LOW HITPOINT WARNING * * *
The spectral death drake fades away! x2
The spectral spriggan air mage fades away!
The spectral death drake attacks as it pursues you!
The spectral death drake barely misses you. x2
The spectral spriggan berserker hits you!
You die...

♣~..~♣ ♣♣♣♣~....~♣
♣♣.~~~♣♣♣♣♣♣.♣♣......♣
♣♣~.~~.~~~♣§..♣♣♣♣(~...
♣..~~......§..♣♣♣....~~
♣.~.~.§.○~.§~.......~~~
♣♣~~~..§§○§§♣.~(..~.~~~~
♣.~~..§○☼☼♣♣~~~~.~~~~~~.
♣.~~~††ZZ.♣♣~§~~~~~~~~§♣
♣~~~~~§hZ§♣♣♣~.~°Z~○~~.♣
♣♣~~~§§☼§§☼○t..~☼ZZ...♣♣
♣..§..>.~§~§Z○°°Z§~~.♣♣
♣♣.....~~~~~~~○○♣♣♣♣~..
♣♣..~~~~~....♣♣♣ ♣♣.~
~.~~~....♣~. ♣~~
~...........~ ♣♣♣
♣..~~~.....~.. ♣♣♣♣♣~~
....~.♣♣~....§


You could see a ghost crab, 2 spectral death drakes and 2 spectral spriggan
berserkers.

Vanquished Creatures
  Kirke (D:15)
  An ironbound preserver (D:13)
  An orc warlord (Orc:2)
  An eleionoma (Swamp:1)
  Josephine (D:13)
  Erolcha (D:10)
  An ice dragon (D:15)
  5 catoblepae
  9 hydras
  2 boulder beetles
  3 two-headed ogres
  2 centaur warriors
  22 death yaks
  7 alligators
  Urug (Lair:3)
  2 orc high priests
  A skyshark (Lair:5)
  Lodul (D:14)
  A spriggan druid (Swamp:1)
  2 swamp dragons
  3 bog bodies (Swamp:1)
  An orange crystal statue (D:11)
  2 arcanists
  3 orc knights
  A deep elf pyromancer (D:12)
  A will-o-the-wisp (Swamp:1)
  31 ugly things
  2 orc sorcerers
  7 manticores
  A cyclops (D:12)
  Maurice (Orc:1)
  3 centaur zombies (D:12)
  13 elephants
  5 kobold blastminers
  2 torpor snails
  7 black mambas
  A black mamba (shapeshifter) (D:14)
  2 gargoyles
  21 cane toads
  12 komodo dragons
  A freezing wraith (D:15)
  A centaur skeleton (D:12)
  2 unseen horrors
  3 rime drakes
  Psyche (D:12)
  A kobold demonologist (D:13)
  A yaktaur (D:15)
  2 efreet
  A tengu conjurer (D:15)
  7 trolls
  A bloated husk (Swamp:1)
  3 hornets
  A tyrant leech (Swamp:1)
  2 polar bears
  27 blink frogs
  8 dream sheep
  A centaur simulacrum (D:12)
  A spriggan (shapeshifter) (D:14)
  9 slime creatures
  A spriggan (Swamp:1)
  A water elemental (D:15)
  8 wyverns
  8 wraiths
  A shadow (D:11)
  31 yaks
  2 humans (D:15)
  3 basilisks
  A vampire (D:12)
  8 vampire mosquitoes
  3 hogs (D:15)
  A steam dragon (Lair:2)
  2 swamp worms (Swamp:1)
  A warg (D:11)
  16 water moccasins
  3 acid dragons
  3 swamp drakes (Swamp:1)
  45 orc warriors
  A sky beast (D:6)
  2 black bears (D:9)
  An ice beast (D:7)
  4 laughing skulls
  12 ogres
  5 boggarts (D:14)
  15 centaurs
  30 wolves
  A kobold brigand (D:6)
  23 bullfrogs
  A gnoll sergeant (D:9)
  12 wights
  11 howler monkeys
  2 electric eels
  2 bombardier beetles
  3 jellies
  3 lava snakes (Lair:4)
  3 hounds
  A jelly (shapeshifter) (D:14)
  26 orc priests
  2 sleepcaps
  An iguana (D:6)
  24 orc wizards
  Natasha (thrice) (D:3)
  13 gnolls
  9 adders
  3 shadow imps (D:6)
  3 white imps
  4 ribbon worms
  115 orcs
  8 ball pythons
  9 endoplasms
  7 giant cockroaches
  9 goblins
  8 hobgoblins
  3 jackals (D:1)
  16 kobolds
  8 quokkas
  11 bats
  3 frilled lizards
  9 rats
821 creatures vanquished.

Vanquished Creatures (others)
  A warg (Orc:1)
  2 orcs (Orc:1)
3 creatures vanquished.

Grand Total: 824 creatures vanquished

Notes
Turn   | Place    | Note
-------+----------+-------------------------------------------
     0 | D:1      | Kenran the Spriggan Hunter began the quest for the Orb.
     0 | D:1      | Reached XP level 1. HP: 10/10 MP: 2/2
    52 | D:1      | Reached XP level 2. HP: 14/14 MP: 3/3
   263 | D:1      | Reached skill level 5 in Ranged Weapons
   297 | D:1      | Reached XP level 3. HP: 18/18 MP: 4/4
   769 | D:2      | Reached XP level 4. HP: 19/22 MP: 5/5
   989 | D:2      | Learned a level 3 spell: Ozocubu's Armour
  1190 | D:3      | Noticed Natasha
  1213 | D:3      | Killed Natasha
  1214 | D:3      | Reached XP level 5. HP: 24/25 MP: 6/6
  1422 | D:3      | Noticed Natasha
  1522 | D:3      | Killed Natasha
  1523 | D:3      | Reached XP level 6. HP: 29/30 MP: 7/7
  1585 | D:3      | Noticed Natasha
  1602 | D:3      | Killed Natasha
  2153 | D:4      | Found a burning altar of Makhleb.
  2667 | D:5      | Entered Level 5 of the Dungeon
  2674 | D:5      | Reached XP level 7. HP: 33/33 MP: 8/8
  2951 | D:5      | Found a staircase to the Ecumenical Temple.
  2961 | Temple   | Entered the Ecumenical Temple
  2996 | Temple   | Became a worshipper of Warmaster Okawaru
  3524 | D:6      | Noticed a steam dragon
  5416 | D:6      | Reached XP level 8. HP: 19/37 MP: 9/9
  5750 | D:7      | Reached skill level 1 in Shapeshifting
  6163 | D:7      | Reached * piety under Okawaru
  6164 | D:7      | Reached skill level 2 in Shapeshifting
  6208 | D:7      | Reached skill level 5 in Stealth
  6293 | D:7      | Reached skill level 10 in Ranged Weapons
  6294 | D:7      | Reached skill level 5 in Dodging
  6761 | D:7      | Reached skill level 3 in Shapeshifting
  6864 | D:8      | Noticed a two-headed ogre
  6892 | D:8      | Killed a two-headed ogre
  6892 | D:8      | Reached ** piety under Okawaru
  6893 | D:8      | Reached skill level 4 in Shapeshifting
  6893 | D:8      | Reached XP level 9. HP: 41/41 MP: 10/10
  6916 | D:8      | Reached skill level 5 in Shapeshifting
  6952 | D:8      | Reached *** piety under Okawaru
  7101 | D:8      | Found a flagged portal.
  7119 | Bailey   | Entered a bailey
  7181 | Bailey   | Noticed an orc knight
  7194 | Bailey   | Reached skill level 6 in Shapeshifting
  7217 | Bailey   | Killed an orc knight
  7218 | Bailey   | Reached skill level 7 in Shapeshifting
  7273 | Bailey   | Found a large runed translucent door.
  7273 | Bailey   | Found a large runed translucent door.
  7274 | Bailey   | Noticed a deep elf pyromancer
  7408 | D:8      | Found Yrchayn Aqamn's Fire Supplies.
  7437 | D:8      | Reached **** piety under Okawaru
  7691 | D:9      | Noticed a komodo dragon
  7719 | D:8      | Killed a komodo dragon
  7720 | D:8      | Reached XP level 10. HP: 47/47 MP: 11/11
  7788 | D:9      | Found an ornate altar of the Wu Jian Council.
  7830 | D:9      | Found a shimmering blue altar of Sif Muna.
  7830 | D:9      | Found a broken altar of Ashenzari.
  7839 | D:9      | Found a snail-covered altar of Cheibriados.
  7889 | D:9      | Reached skill level 8 in Shapeshifting
  7984 | D:9      | Found Dygua's Magic Scroll Boutique.
  7994 | D:9      | Bought a scroll of blinking for 112 gold pieces
  8146 | D:9      | Found a staircase to the Lair.
  8146 | D:9      | Noticed an elephant
  8157 | D:9      | Killed an elephant
  8157 | D:9      | Reached ***** piety under Okawaru
  8520 | D:10     | Entered Level 10 of the Dungeon
  8645 | D:10     | Noticed Erolcha
  8778 | D:10     | Noticed a two-headed ogre
  8805 | D:10     | Killed a two-headed ogre
  8863 | D:10     | Reached skill level 9 in Shapeshifting
  9152 | D:10     | Killed Erolcha
  9153 | D:10     | Reached XP level 11. HP: 52/52 MP: 12/12
  9228 | D:10     | Received a gift from Okawaru
  9577 | D:11     | Noticed a boulder beetle
  9609 | D:11     | Killed a boulder beetle
  9658 | D:11     | Reached skill level 10 in Shapeshifting
 10085 | D:11     | Identified the +11 shortbow of the Building Moth {freeze,
                  | rF++ Str+4}
 10092 | D:11     | Noticed an orange crystal statue
 10177 | D:11     | Received a gift from Okawaru
 10349 | D:11     | Found a staircase to the Orcish Mines.
 10501 | D:11     | Noticed a red ugly thing
 10595 | D:11     | Killed an orange crystal statue
 10596 | D:11     | Reached skill level 10 in Dodging
 10694 | Lair:1   | Entered Level 1 of the Lair of Beasts
 10712 | Lair:1   | Reached skill level 15 in Ranged Weapons
 10886 | Lair:1   | Reached ****** piety under Okawaru
 10888 | Lair:1   | Acquired a +5 arbalest of flaming
 10888 | Lair:1   | Received a gift from Okawaru
 10943 | Lair:1   | Acquired the +0 hat of Rotini {Str+3}
 10943 | Lair:1   | Received a gift from Okawaru
 10957 | Lair:1   | Received a gift from Okawaru
 11188 | Lair:1   | Reached XP level 12. HP: 56/56 MP: 13/13
 11963 | Lair:2   | Reached skill level 11 in Shapeshifting
 12155 | Lair:2   | Received a gift from Okawaru
 12265 | Lair:2   | Found a staircase to the Swamp.
 12748 | D:9      | Bought a scroll of acquirement for 780 gold pieces
 12748 | D:9      | Acquired a manual of Stealth
 12750 | D:9      | Acquired 1232 gold pieces
 12838 | Lair:3   | Found an opulent altar of Gozag.
 13255 | Lair:3   | Found a hole to the Spider Nest.
 13270 | Lair:3   | Reached skill level 10 in Stealth
 13288 | Lair:3   | Got the Discourse on Algor
 13301 | Lair:3   | Reached skill level 12 in Shapeshifting
 13323 | Lair:3   | Noticed Urug
 13336 | Lair:3   | Killed Urug
 13386 | Lair:3   | Noticed a death yak
 13389 | Lair:3   | Noticed a five-headed hydra
 13406 | Lair:3   | Killed a death yak
 13448 | Lair:3   | Killed a five-headed hydra
 13449 | Lair:3   | Reached skill level 13 in Shapeshifting
 13874 | Lair:3   | Received a gift from Okawaru
 13903 | Lair:3   | Noticed a four-headed hydra
 13918 | Lair:3   | Killed a four-headed hydra
 13919 | Lair:3   | Reached skill level 14 in Shapeshifting
 13985 | Lair:3   | Reached XP level 13. HP: 60/60 MP: 14/14
 14141 | Lair:3   | Reached skill level 15 in Shapeshifting
 14266 | Lair:3   | Received a gift from Okawaru
 14447 | Lair:3   | Reached skill level 16 in Shapeshifting
 14739 | Lair:3   | Received a gift from Okawaru
 15447 | Lair:3   | Reached skill level 17 in Shapeshifting
 15807 | Lair:4   | Received a gift from Okawaru
 15926 | Lair:4   | Reached skill level 18 in Shapeshifting
 16135 | Lair:4   | Received a gift from Okawaru
 16171 | Lair:4   | Reached XP level 14. HP: 64/65 MP: 15/15
 16180 | Lair:4   | Reached skill level 19 in Shapeshifting
 17147 | Lair:5   | Entered Level 5 of the Lair of Beasts
 17178 | Lair:5   | Found a viscous altar of Jiyva.
 17179 | Lair:5   | Found a staircase to the Slime Pits.
 17211 | Lair:5   | Received a gift from Okawaru
 17349 | Lair:5   | Noticed Sonja
 17350 | Lair:5   | Sonja changed into Sonja the blink frog
 17350 | Lair:5   | Noticed Sonja
 17355 | Lair:5   | Killed Sonja the blink frog
 17359 | Lair:5   | Reached skill level 20 in Shapeshifting
 17908 | Lair:5   | Received a gift from Okawaru
 18562 | Lair:5   | Got the Parchment of the Fault and the Storm
 18823 | D:12     | Received a gift from Okawaru
 19210 | D:12     | Noticed Psyche
 19220 | D:12     | Killed Psyche
 19347 | D:12     | Reached skill level 15 in Stealth
 19562 | D:12     | Reached skill level 21 in Shapeshifting
 19745 | D:13     | Reached XP level 15. HP: 45/68 MP: 16/16
 19837 | D:13     | Received a gift from Okawaru
 19838 | D:13     | Reached skill level 1 in Unarmed Combat
 20467 | D:13     | Found a stormy altar of Qazlal.
 20478 | D:13     | Found a gate to the Vaults.
 20979 | D:14     | Noticed Lodul
 21007 | D:14     | Killed Lodul
 21067 | D:14     | Noticed Josephine
 21143 | D:13     | Killed Josephine
 21143 | D:13     | Received a gift from Okawaru
 21687 | D:14     | Found a white marble altar of Elyvilon.
 21832 | D:14     | Reached skill level 5 in Unarmed Combat
 21991 | D:15     | Entered Level 15 of the Dungeon
 22090 | D:14     | Received a gift from Okawaru
 22679 | D:15     | Noticed Kirke
 22695 | D:15     | Killed Kirke
 23062 | D:15     | Received a gift from Okawaru
 23570 | Orc:1    | Entered Level 1 of the Orcish Mines
 23731 | Orc:1    | Noticed Maurice
 23837 | Orc:1    | Killed Maurice
 24060 | Orc:1    | Found Bidezuo's Antique Armour Shoppe.
 24433 | Orc:2    | Entered Level 2 of the Orcish Mines
 24783 | Orc:2    | Reached skill level 22 in Shapeshifting
 24809 | Orc:2    | Reached XP level 16. HP: 72/72 MP: 17/17
 25152 | Orc:2    | Found Utatouni's Assorted Antiques.
 25188 | Orc:2    | Received a gift from Okawaru
 25515 | Orc:2    | Found Yfuev's Antique Armour Shoppe.
 25522 | Orc:2    | Found Danivux's Antique Weapon Emporium.
 25564 | Orc:2    | Found Vecruup's Magic Scroll Shop.
 25591 | Orc:2    | Found a staircase to the Elven Halls.
 25813 | Orc:2    | Noticed Saint Roka
 25989 | Orc:2    | Bought a scroll of acquirement for 1716 gold pieces
 25989 | Orc:2    | Acquired 1125 gold pieces
 26417 | Swamp:1  | Entered Level 1 of the Swamp
 26918 | Swamp:1  | Slain by a spectral spriggan berserker

Illustrated notes

Levels and vault maps discovered:
D:1:      minmay_arrival_radiant_lines, layout_basic
D:2:      layout_rooms, minmay_pentomino_v2
D:3:      minmay_octagon_keep, layout_loops_ring, uniq_natasha
D:4:      layout_gridville, amcnicky_altar_gilded
D:5:      layout_loops_ring, minmay_temple_entry_drinking_statues
D:6:      layout_basic
D:7:      layout_basic
D:8:      layout_rooms, enter_bailey_5, nicolae_shop_fire_sale
          [nicolae_sub_dead_trees], hangedman_decor_riveting, minmay_holes
D:9:      layout_loops_ring, mainiacjoe_overflow_surrounded_room, minitemple,
          grunt_lair_entry_orc_guard_hut, serial_shops,
          nicolae_shop_tiny_statue_garden
D:10:     layout_roguey, uniq_erolcha
D:11:     layout_rooms, david_orc_4, minivault_15
D:12:     layout_irregular_city, hangedman_weighted_door,
          minmay_variable_closet, dreamdust_wishing_well, uniq_psyche
D:13:     layout_stronghold, skrybe_vaults_entry_preservation,
          grunt_qazlal_sundering
D:14:     hellmonk_destroyed_diamonds, layout_rooms,
          lemuel_coloured_pillars_altar, uniq_josephine, uniq_lodul
D:15:     grunt_enter_depths_hoard, layout_loops_ring, nicolae_eternal_life,
          serial_bayou_lake_a, uniq_kirke
Temple:   nicolae_temple_bog_church
Lair:1:   layout_regular_city
Lair:2:   layout_cave_pods, mainiacjoe_swamp_entry_lozenge_pond,
          grunt_megastairs_4, lemuel_fruit_fields
Lair:3:   nzn_winding_woodlands_huge [nzn_winding_woodlands_5x15_eye,
          nzn_winding_woodlands_5x15_river_crossing,
          nzn_winding_woodlands_5x15_garden, nzn_winding_woodlands_5x15_zeroes,
          nzn_winding_woodlands_5x15_pool,
          nzn_winding_woodlands_5x15_split_checker,
          nzn_winding_woodlands_5x15_parted,
          nzn_winding_woodlands_5x15_concentric,
          nzn_winding_woodlands_5x15_crooked, nzn_winding_woodlands_5x15_cabin,
          nzn_winding_woodlands_center_diamonds,
          nzn_winding_woodlands_center_lodge,
          nzn_winding_woodlands_15x15_five_gardens], layout_regular_city,
          spider_nest_entry_web_field, basic_altar, uniq_urug
Lair:4:   layout_small_grid, disabler_island
Lair:5:   evilmike_catoblepas_cave, layout_cave_pods, slime_entry_1, uniq_sonja
Swamp:1:  layout_basic_swamp, evilmike_swamp_ruin_rubble_2, swamp_pool_5
Orc:1:    layout_caves, serial_shops, shop_fountains, uniq_maurice
Orc:2:    grunt_orc_community_town_hall, layout_caves,
          grunt_orc_community_big_house_2, grunt_orc_community_big_house_2,
          grunt_orc_community_house_1, grunt_orc_community_house_3,
          grunt_orc_community_house_1, grunt_orc_community_house_1,
          grunt_orc_community_house_2, grunt_orc_community_house_3,
          serial_shops, shop, uniq_saint_roka

Skill      XL: |  1  2  3  4  5  6  7  8  9 10 11 12 13 14 15 16 |
---------------+-------------------------------------------------+-----
Ranged Weapons | 5 6 7 8 9 11 12 13 15 16 | 16.0
Dodging        | 4 5 6 8 10 12 | 12.1
Stealth        | 4 5 10 15 18 | 18.2
Shapeshifting  | 4 7 9 10 14 18 21 22 | 22.4
Fighting       | 2 3 |  3.0
Unarmed Combat | 7 8 |  8.8

Action                     |  1- 3 |  4- 6 |  7- 9 | 10-12 | 13-15 | 16-18 || total
---------------------------+-------+-------+-------+-------+-------+-------++-------
   Fire: Shortbow          |   126 |   238 |   275 |       |       |       ||   639
         Orcbow            |       |       |   131 |   420 |       |       ||   551
         Arbalest          |       |       |       |   185 |  1204 |   214 ||  1603
  Throw: Dart              |       |     4 |    17 |       |       |       ||    21
 Invoke: Receive Weapon    |       |       |       |     1 |       |       ||     1
         Receive Armour    |       |       |       |     1 |       |       ||     1
  Evoke: Wand              |       |       |       |       |     1 |       ||     1
    Use: Scroll            |       |     4 |     3 |     5 |    14 |     4 ||    30
         Potion            |       |       |     6 |     1 |     1 |       ||     8
 Armour: Robe              |    16 |    45 |    47 |    66 |   133 |    34 ||   341
         Skin              |       |       |     1 |       |       |       ||     1
  Dodge: Dodged            |    49 |    81 |   113 |   229 |   477 |   113 ||  1062
   Form: Beast             |       |       |     1 |       |       |     2 ||     3
         Storm             |       |       |       |       |       |     2 ||     2

Table legend: (Time is in decaauts)
 A = Elapsed time spent in this place.
 B = Non-inter-level travel time spent in this place.
 C = Inter-level travel time spent in this place.
 D = Time resting spent in this place.
 E = Time spent auto-exploring this place.
 F = Levels seen in this place.
 G = Mean time per level.
                   A        B        C        D        E       F      G
               +--------+--------+--------+--------+--------+-----+--------+
         Total |  19760 |  18568 |   1192 |   4914 |   8097 |  25 |  790.4 |
       Dungeon |  11621 |  10850 |    771 |   2806 |   4930 |  15 |  774.7 |
        Temple |     37 |     28 |      9 |      0 |      0 |   1 |   37.0 |
          Lair |   5593 |   5277 |    316 |   1279 |   2427 |   5 | 1118.6 |
         Swamp |    440 |    440 |      0 |    158 |    102 |   1 |  440.0 |
  Orcish Mines |   1885 |   1789 |     96 |    669 |    571 |   2 |  942.5 |
        Bailey |    182 |    182 |      0 |      0 |     65 |   1 |  182.0 |
               +--------+--------+--------+--------+--------+-----+--------+

Top non-repeatable levels by time:
  Lair:3: 2021 daAuts
     D:6: 1363 daAuts
    D:11: 1106 daAuts
    D:15: 1091 daAuts
  Lair:5: 1083 daAuts
     D:7: 1040 daAuts
    D:14: 1036 daAuts
   Orc:1: 1019 daAuts
    D:13: 972 daAuts
  Lair:4: 949 daAuts
   Orc:2: 866 daAuts
  Lair:2: 856 daAuts
    D:10: 811 daAuts
     D:3: 711 daAuts
  Lair:1: 682 daAuts
